 Dungeon Crawl Stone Soup version 0.20.1-1-g8b1a95d (console) character file.

49 hilaritas the Poker (level 3, 0/34 HPs)
             Began as a Centaur Fighter on July 30, 2017.
             Slain by a goblin
             ... wielding a cursed -3 dagger
             ... led by Robin
              (7 damage)
             ... on level 2 of the Dungeon.
             The game lasted 00:02:08 (1251 turns).

hilaritas the Poker (Centaur Fighter)               Turns: 1251, Time: 00:02:09

Health: 0/34       AC:  4    Str: 23    XL:     3   Next: 53%
Magic:  3/3        EV:  7    Int:  7    God:
Gold:   81         SH:  9    Dex:  9    Spells: 2/2 levels left

rFire    . . .     SeeInvis .   a - +0 trident
rCold    . . .     Gourm    .   c - +0 shield
rNeg     . . .     Faith    .   b - +0 robe
rPois    .         Spirit   .   (helmet restricted)
rElec    .         Reflect  .   (no cloak)
rCorr    .         Harm     .   (no gloves)
MR       .....     Clarity  +   (no barding)
Stlth    +.........             (no amulet)
Regen    0.2/turn               (no ring)
MPRegen  0.1/turn               (no ring)

@: mighty, very quick
A: hooves 3, horns 1, clarity, deformed body, deterioration 1, speed 2, robust
1, tough skin 3
a: no special abilities


You were on level 2 of the Dungeon.
You were not hungry.

You visited 1 branch of the dungeon, and saw 2 of its levels.

You collected 81 gold pieces.

Inventory:

Hand Weapons
 a - a +0 trident (weapon)
Armour
 b - a +0 robe (worn)
 c - a +0 shield (worn)
Jewellery
 k - an uncursed ring of see invisible {unknown}
Scrolls
 e - a scroll of noise {unknown}
 m - a scroll of amnesia {unknown}
Potions
 g - a potion of curing {unknown}
 i - a potion of flight {unknown}
 j - a potion of invisibility {unknown}
 l - a potion of mutation
Comestibles
 f - 3 bread rations
 h - a meat ration
 n - a chunk of flesh


   Skills:
 - Level 3.0 Fighting
 * Level 3.1 Polearms
 - Level 2.1 Armour
 + Level 2.6 Shields


You had 2 spell levels left.
You didn't know any spells.

Dungeon Overview and Level Annotations

Branches:
Dungeon (2/15)

Altars:
Sif Muna

Annotations:
D:2 Robin


Innate Abilities, Weirdness & Mutations

You have hooves in place of feet.
Armour fits poorly on your strangely shaped body.
You cover ground very quickly.
You have extremely tough skin. (AC +3)
You have a pair of small horns on your head.
You possess an exceptional clarity of mind.
Your body sometimes deteriorates upon taking damage.
You are robust. (+10% HP)


Message History

The goblin no longer looks unusually strong.
The goblin hits you with a dagger.
* * * LOW HITPOINT WARNING * * *
You block the goblin's attack.
Evoke which item? (* to show all) (? for menu, Esc to quit)
Okay, then.
Attack whom?
Press: ? - help, Dir - move target cursor, f - Robin
Aim: Robin, wielding a spear, wearing an animal skin and wearing a helmet You reach to attack!
You hit Robin.
Robin is lightly wounded.
You block the goblin's attack. x2; The goblin hits you with a dagger.
* * * LOW HITPOINT WARNING * * *
Attack whom?
Press: ? - help, Dir - move target cursor, f/p - Robin
Aim: Robin, wielding a spear, wearing an animal skin and wearing a helmet (lightly wounded)
You reach to attack!
You closely miss Robin.
Robin is lightly wounded.
You block the goblin's attack. The goblin hits you with a dagger!
You die...

...............####......#
#.# # ........##.#.###
#....... ..#
.............###
#......#####
.........#...... .#.......
##.#####.#...###
#......... # #.....##
#.#.#.# .
#...gr#######....
#.#.#gggg@g...#
#...gg######### #.....#
#..##......... ##.
#.#.#.#.#. .. ......g$gg
## #..#.#.#.#. .>.......gg
..#.#.#.#.#.


You could see Robin, a hobgoblin, 6 goblins and a rat.

Vanquished Creatures
  Jessica (D:2)
  A worm (D:2)
  2 ball pythons (D:1)
  A giant cockroach (D:1)
  2 goblins (D:2)
  2 hobgoblins (D:1)
  2 jackals (D:1)
  3 kobolds (D:1)
  A quokka (D:1)
  A bat (D:1)
  5 rats
21 creatures vanquished.

Notes
Turn   | Place    | Note
-------+----------+-------------------------------------------
     0 | D:1      | hilaritas the Centaur Fighter began the quest for the Orb.
     0 | D:1      | Reached XP level 1. HP: 19/19 MP: 1/1
   204 | D:1      | Reached XP level 2. HP: 26/26 MP: 2/2
  1144 | D:2      | Noticed Jessica
  1146 | D:2      | Killed Jessica
  1146 | D:2      | Reached XP level 3. HP: 30/31 MP: 3/3
  1180 | D:2      | Found a deep blue altar of Sif Muna.
  1219 | D:2      | Noticed Robin
  1249 | D:2      | Gained mutation: You possess an exceptional clarity of mind. [potion of mutation]
  1249 | D:2      | Gained mutation: Your body sometimes deteriorates upon taking damage. [potion of mutation]
  1249 | D:2      | Gained mutation: You are robust. (+10% HP) [potion of mutation]
  1249 | D:2      | Gained mutation: You have a pair of small horns on your head. [potion of mutation]
  1251 | D:2      | Slain by a goblin

Skill      XL: |  1  2 |
---------------+-------+-----
Polearms       | 2 3 |  3.1
Fighting       | |  3.0
Armour         | |  2.1
Shields        | |  2.6

Action                   || total
-------------------------++-------
Melee: Trident           ||    65
       Kick              ||     7
  Use: Potion            ||     2
Armor: Robe              ||    17
       Scale mail        ||     1
Dodge: Dodged            ||    14
Block: Shield            ||    25
